AoeStats
← So sad

African Clearing

505702971Analyzed
3v3 RM · 21d ago on Sep 10, 2026· 50m 36s· 6 players
Game mode
Random Map
Map size
Normal (6 player)
Population
200
Speed
Normal
Resources
Standard
Victory
Conquest
Starting age
Dark Age
Ending age
Imperial Age
RankedLock teamsTeams togetherTeam positionsShared explorationLock speedFull tech treeHidden civsTurbo modeCheats
Victory
Defeat
🇺🇦 Inca · Ukraine
1332
+16
🇧🇾 Burgundians · Belarus
1323
+16
🇧🇾 Celts · Belarus
1314
+16
🇨🇱 Mongols · Chile
1376
-18
🇨🇱 Vietnamese · Chile
1318
-16
🇨🇱 Magyars · Chile
1276
-14
So sad
5:38 Loom
8:17 Double-Bit Axe
12:58 Feudal Age
13:39 Wheelbarrow
15:22 Town Watch
18:20 Castle Age
17:06 Bow Saw
17:27 Gold Mining
23:07 Horse Collar
26:03 Husbandry
29:17 Two-Man Saw
29:42 Gold Shaft Mining
29:35 Scale Barding Armor
30:24 Forging
31:45 Cavalier
32:55 Squires
34:53 Iron Casting
35:16 Hand Cart
39:07 Imperial Age
37:26 Fletching
37:17 Light Cavalry
38:40 Town Patrol
41:49 Blast Furnace
41:14 Chain Barding Armor
41:09 Hussar
43:11 Conscription
43:07 Bodkin Arrow
45:24 Paladin
49:29 Stone Mining
NiL
8:30 Loom
11:48 Feudal Age
17:51 Castle Age
17:24 Wheelbarrow
16:58 Double-Bit Axe
16:53 Horse Collar
18:44 Squires
19:35 Scale Mail Armor
21:15 Pikeman
23:15 Forging
23:53 Fletching
35:55 Chain Mail Armor
46:54 Imperial Age
45:45 Bow Saw
45:43 Bodkin Arrow
48:02 Conscription
49:17 Plate Mail Armor
49:03 Capped Ram
HURMA
4:29 Loom
14:25 Feudal Age
14:38 Man-at-Arms
16:27 Double-Bit Axe
16:56 Fletching
17:35 Padded Archer Armor
18:20 Wheelbarrow
23:25 Castle Age
24:57 Bodkin Arrow
27:09 Leather Archer Armor
28:12 Bow Saw
28:03 Elite Skirmisher
29:47 Stone Mining
29:57 Horse Collar
32:55 Ballistics
33:33 Treadmill Crane
34:35 Scale Mail Armor
34:24 Arson
35:46 Heavy Plow
38:06 Chain Mail Armor
39:01 Forging
39:04 Pikeman
40:21 Iron Casting
40:16 Hand Cart
44:12 Imperial Age
43:12 Stronghold
45:27 Plate Mail Armor
45:57 Blast Furnace
45:24 Conscription
45:01 Town Watch
44:52 Elite Woad Raider
46:10 Ring Archer Armor
48:12 Masonry
49:08 Chemistry
48:49 Hoardings
48:50 Gold Mining
50:53 Gold Shaft Mining
[CL]Sendoh
3:48 Loom
13:06 Feudal Age
15:13 Double-Bit Axe
15:14 Horse Collar
18:15 Castle Age
18:16 Padded Archer Armor
18:11 Fletching
19:34 Bow Saw
19:25 Heavy Plow
28:44 Wheelbarrow
28:39 Thumb Ring
29:01 Town Watch
30:02 Bodkin Arrow
30:11 Gold Mining
30:11 Stone Mining
31:49 Hand Cart
32:19 Husbandry
32:29 Bloodlines
34:08 Leather Archer Armor
37:00 Imperial Age
34:43 Scale Barding Armor
36:49 Ballistics
36:40 Masonry
38:08 Stone Shaft Mining
38:08 Gold Shaft Mining
38:49 Parthian Tactics
38:34 Light Cavalry
41:17 Heavy Cavalry Archer
42:05 Elite Steppe Lancer
43:05 Bracer
44:46 Heavy Camel Rider
[CL]Jigsaw
3:24 Loom
13:52 Feudal Age
15:01 Town Watch
21:51 Castle Age
19:57 Double-Bit Axe
21:45 Horse Collar
23:52 Crossbowman
36:25 Wheelbarrow
42:46 Imperial Age
42:08 Scale Barding Armor
41:55 Fletching
43:31 Chain Barding Armor
46:34 Plate Barding Armor
47:33 Hoardings
47:03 Heavy Plow
49:25 Thumb Ring
[CL]iLoveWeed
5:07 Loom
14:10 Feudal Age
14:30 Man-at-Arms
14:56 Double-Bit Axe
22:26 Padded Archer Armor
22:22 Fletching
26:36 Padded Archer Armor
29:57 Castle Age
31:12 Bodkin Arrow
31:06 Light Cavalry
32:39 Bloodlines
32:29 Husbandry
32:39 Bloodlines
32:29 Husbandry
Connection lost

Rejoining the realm…

Still unreachable

The connection could not be restored.

Session expired

The server has moved on; the page needs a fresh start.